 Dungeon Crawl Stone Soup version 0.22-a0-567-gff9aefc (webtiles) character file.

32 kae the Chiller (level 3, -1/24 HPs)
             Began as a Merfolk Ice Elementalist on June 29, 2018.
             Slain by a worm (10 damage)
             ... on level 1 of the Dungeon.
             The game lasted 00:02:49 (1263 turns).

kae the Chiller (Merfolk Ice Elementalist)          Turns: 1263, Time: 00:02:50

Health: -1/24      AC:  2    Str:  9    XL:     3   Next: 27%
Magic:  1/6        EV: 13    Int: 14    God:
Gold:   61         SH:  0    Dex: 14    Spells: 4/7 levels left

rFire    . . .     SeeInvis .   (no weapon)
rCold    . . .     Gourm    .   (no shield)
rNeg     . . .     Faith    .   a - +0 robe
rPois    .         Spirit   .   (no helmet)
rElec    .         Reflect  .   (no cloak)
rCorr    .         Harm     .   (no gloves)
MR       .....                  (no boots)
Stlth    ++........             (no amulet)
HPRegen  0.08/turn              (no ring)
MPRegen  0.10/turn              (no ring)

@: no status effects
A: change form in water, swift swim, stealthy swim
a: no special abilities


You were on level 1 of the Dungeon.
You were not hungry.

You visited 1 branch of the dungeon, and saw 2 of its levels.

You collected 61 gold pieces.

Inventory:

Armour
 a - a +0 robe (worn)
 e - a +0 leather armour
Jewellery
 b - an uncursed ring of fire {unknown}
Scrolls
 f - 2 scrolls of identify {unknown}
 h - a scroll of amnesia {unknown}
 j - a scroll of blinking {unknown}
Potions
 d - 2 potions of haste {unknown}
 g - 3 potions of might {unknown}
 i - a potion of brilliance {unknown}
Comestibles
 c - 3 rations
 k - 2 chunks of flesh


   Skills:
 - Level 2.6 Dodging
 - Level 2.1 Stealth
 + Level 2.5 Spellcasting
 - Level 0.7 Conjurations
 * Level 4.3 Ice Magic


You had 4 spell levels left.
You knew the following spells:

 Your Spells              Type           Power        Failure   Level  Hunger
a - Freeze                Ice            ##..         3%          1    #......
b - Throw Frost           Conj/Ice       #.....       12%         2    ###....

Your spell library contained the following spells:

 Spells                   Type           Power        Failure   Level  Hunger
 Summon Ice Beast         Ice/Summ       #.......     67%         4    #####..
 Ozocubu's Armour         Chrm/Ice       #.......     28%         3    ###....
 Throw Icicle             Conj/Ice       #.......     63%         4    #####..


Dungeon Overview and Level Annotations

Branches:
Dungeon (2/15)

Altars:

Annotations:
D:2 Robin


Message History

Aim: a worm (lightly wounded)
You freeze the worm.
The worm is moderately wounded.
The worm bites you!
Casting: Freeze (safe; 3% risk of failure)
Confirm with . or Enter, or press ? or * to list all spells.
Aiming: Freeze (safe; 3% risk of failure)
Press: ? - help, Shift-Dir - straight line, f/p - worm
Aim: a worm (lightly wounded)
You freeze the worm.
The worm is heavily wounded.
Casting: Freeze (safe; 3% risk of failure)
Confirm with . or Enter, or press ? or * to list all spells.
Aiming: Freeze (safe; 3% risk of failure)
Press: ? - help, Shift-Dir - straight line, f/p - worm
Aim: a worm (heavily wounded)
You freeze the worm.
The worm is severely wounded.
The worm bites you!
You die...

######### ########## ...^.(..#
#........# #######.# ###
#.######.### ####.#####.# #.#
#...# #.......##.#####.## #.#.#
#.................# ###.#.#
#.##.##.##.#####..# #.....#
####.##.(.....#####.†# #.[†######
................@w.>.# #........#
####.##.......#####..###...####.#
#.#####....##.......#...##.#.#
####'#####....##....(..#...##.#.#
#.....†..#....##.......#....)...#
#........#....##.......#........#
#........#....##.......+......#.#
#############.##.......##.#.#.#.#
##### #.##.......##.......#


You could see a worm.

Vanquished Creatures
  2 dart slugs (D:1)
  2 giant cockroaches (D:1)
  5 goblins
  4 hobgoblins (D:1)
  A kobold (D:1)
  7 bats (D:1)
  3 frilled lizards (D:1)
  4 rats (D:1)
28 creatures vanquished.

Notes
Turn   | Place    | Note
-------+----------+-------------------------------------------
     0 | D:1      | kae the Merfolk Ice Elementalist began the quest for the Orb.
     0 | D:1      | Reached XP level 1. HP: 13/13 MP: 3/3
     3 | D:1      | Noticed an electric eel
     3 | D:1      | Noticed an electric eel
   557 | D:1      | Reached XP level 2. HP: 19/19 MP: 1/5
   603 | D:1      | Learned a level 2 spell: Throw Frost
   818 | D:1      | Reached skill level 4 in Ice Magic
  1021 | D:1      | Reached XP level 3. HP: 21/24 MP: 3/6
  1153 | D:2      | Noticed Robin
  1263 | D:1      | Slain by a worm

Vault maps used:
D:1:      arrival_aquarium_b, st_stairs_3
D:2:      first_ration, uniq_robin

Skill      XL: |  1  2 |
---------------+-------+-----
Ice Magic      | 4 |  4.3
Dodging        | |  2.6
Stealth        | |  2.1
Spellcasting   | |  2.5
Conjurations   | |  0.7

Action                   || total
-------------------------++-------
Melee: Unarmed           ||    20
 Cast: Freeze            ||    46
  Eat: Chunk             ||     2
Armor: Robe              ||    13
Dodge: Dodged            ||    57

Table legend:
 A = Spawn XP
 B = Non-spawn XP
 C = Spawn XP percentage of total XP
 D = Spawn monster count
 E = Non-spawn monster count
 F = Spawn count percentage of total count
 G = Total turns spent on level
                    A         B        C        D         E        F      G
               +---------+---------+-------+---------+---------+-------+---------
         Total |       0 |      47 |   0.0 |       0 |      28 |   0.0 |  1263
               +---------+---------+-------+---------+---------+-------+---------
           D:1 |       0 |      45 |   0.0 |       0 |      27 |   0.0 |  1251
           D:2 |       0 |       2 |   0.0 |       0 |       1 |   0.0 |    12
               +---------+---------+-------+---------+---------+-------+---------
